 Dungeon Crawl Stone Soup version 0.24.0-35-gdb84b6a5db (webtiles) character file.

Game seed: 14813764273956487703, levelgen mode: deterministic

872 PentaManta the Sneak (level 8, 0/52 HPs)
             Began as an Octopode Fighter on Nov 17, 2019.
             Slain by a centaur (7 damage)
             ... on level 6 of the Dungeon.
             The game lasted 00:10:35 (5740 turns).

PentaManta the Sneak (Octopode Fighter)             Turns: 5740, Time: 00:10:35

Health: 0/52       AC:  1    Str: 20    XL:     8   Next: 4%
Magic:  8/8        EV: 14    Int: 11    God:
Gold:   175        SH: 10    Dex: 13    Spells: 7/7 levels left

rFire    . . .     SeeInvis .   e - +0 dagger
rCold    . . .     Gourm    .   b - +0 shield
rNeg     . . .     Faith    .   (helmet restricted)
rPois    .         Spirit   .   (no amulet)
rElec    .         Reflect  .   (no ring)
rCorr    .         Harm     .   (no ring)
MR       .....                  (no ring)
Stlth    ++++......             (no ring)
HPRegen  0.17/turn              (no ring)
MPRegen  0.11/turn              (no ring)
                                (no ring)
                                (no ring)

@: mighty
A: almost no armour, stealthy swim, amphibious, 8 rings, constrict 8, camouflage
1, gelatinous body 1
a: no special abilities


You were on level 6 of the Dungeon.
You were very hungry.

You visited 1 branch of the dungeon, and saw 6 of its levels.

You collected 175 gold pieces.

Inventory:

Hand Weapons
 a - a +0 rapier
 e - a +0 dagger (weapon)
Armour
 b - a +0 shield (worn)
Wands
 n - a wand of polymorph (13)
 r - a wand of random effects (19)
Scrolls
 f - 4 scrolls of identify
 i - 3 scrolls of teleportation {unknown}
 j - 3 scrolls of remove curse {unknown}
 l - 2 scrolls of fog {unknown}
 m - a scroll of fear {unknown}
 o - 2 scrolls of random uselessness {unknown}
 p - a scroll of blinking {unknown}
Potions
 c - 2 potions of might
 g - a potion of haste
 k - 3 potions of mutation
 q - a potion of resistance
Comestibles
 d - 7 rations


   Skills:
 - Level 3.0 Fighting
 + Level 4.2 Short Blades
 * Level 5.8 Dodging
 * Level 6.7 Stealth
 + Level 4.7 Shields


You had 7 spell levels left.
You didn't know any spells.
Your spell library was empty.

Dungeon Overview and Level Annotations

Branches:
Dungeon (6/15)
 Temple: D:4-7

Altars:
Cheibriados
Sif Muna

Annotations:
D:4 Menkaure


Innate Abilities, Weirdness & Mutations

You cannot wear most types of armour.
You are very stealthy in the water. (Stealth+)
You are amphibious.
You can wear up to eight rings at the same time.
You can use your tentacles to constrict eight enemies at once.
Your skin changes colour to match your surroundings (Stealth+).
Your rubbery body absorbs attacks. (AC +1, EV +1)


Message History

Okay, then.
As you read the scroll labeled CELLOMP BODAY, it crumbles to dust.
It is a scroll of identify.
k - 3 potions of mutation You feel sick.
You are no longer poisoned.
As you read the scroll of identify, it crumbles to dust.
q - a potion of resistance The centaur shoots an arrow.
You block the arrow.
Items here: ( )) = [[ ††† Unknown command.
You feel better.
The centaur shoots an arrow.
You block the arrow.
The centaur shoots an arrow.
The arrow hits you.
* * * LOW HITPOINT WARNING * * *
The centaur shoots an arrow.
You block the arrow.
Items here: ( )) = [[ ††† The centaur unwields a +0 shortbow.
You block the centaur's attack.
You feel very mighty all of a sudden. The centaur hits you!
You die...

.... #......#... ##.#.#.#.#.
.(..#####......##..#####.#.#.#.##
....(..........#...........#.#...
.###..........##.#....##.###.####
#..........##.#..# #.........
####...†<).......#..# #.......#.
........)........#..# #.......#.
##..............c#..# #......##.
#...###.####...@#.. ##......###
#...# #.#######(#.# .##......#
#.... ........()#.#..##.###.##
#..........#.........##. #.#
#..........#..........#
...........#....(........
######.###.#.. #.# ... ..# ..


You could see a centaur.

Vanquished Creatures
  An orc warrior (D:6)
  A phantom (D:4)
  2 centaurs
  A bullfrog (D:6)
  2 scorpions (D:5)
  2 hounds (D:6)
  2 orc wizards
  4 worker ants
  A worker ant zombie (D:5)
  7 adders
  2 oozes
  A worm (D:2)
  A dart slug (D:2)
  3 leopard geckos
  9 orcs
  2 giant cockroaches
  7 goblins
  7 hobgoblins
  9 jackals
  3 quokkas
  9 bats
  8 frilled lizards
  4 kobolds
  A quokka skeleton (D:5)
  7 rats
96 creatures vanquished.

Vanquished Creatures (others)
  An orc (D:6)
1 creature vanquished.

Grand Total: 97 creatures vanquished

Notes
Turn   | Place    | Note
-------+----------+-------------------------------------------
     0 | D:1      | PentaManta the Octopode Fighter began the quest for the
                  | Orb.
     0 | D:1      | Reached XP level 1. HP: 16/16 MP: 1/1
    51 | D:1      | Reached XP level 2. HP: 16/21 MP: 2/2
   307 | D:1      | Reached XP level 3. HP: 19/26 MP: 3/3
   659 | D:2      | Reached skill level 1 in Stealth
   869 | D:2      | Reached XP level 4. HP: 27/31 MP: 4/4
   894 | D:2      | Reached skill level 2 in Stealth
  1292 | D:2      | Found a snail-covered altar of Cheibriados.
  2100 | D:3      | Found a shimmering blue altar of Sif Muna.
  2333 | D:4      | Noticed a phantom
  2338 | D:4      | Noticed Menkaure
  2353 | D:3      | Reached skill level 3 in Stealth
  2353 | D:3      | Reached XP level 5. HP: 25/36 MP: 5/5
  2685 | D:4      | Killed a phantom
  2876 | D:4      | Noticed a phantom
  3611 | D:5      | Entered Level 5 of the Dungeon
  3832 | D:5      | Reached skill level 4 in Stealth
  3832 | D:5      | Reached XP level 6. HP: 38/42 MP: 6/6
  4189 | D:5      | Reached skill level 5 in Stealth
  4617 | D:6      | Noticed an orc warrior
  4618 | D:6      | Reached skill level 5 in Dodging
  4618 | D:6      | Reached XP level 7. HP: 46/46 MP: 7/7
  5158 | D:4      | Noticed a hippogriff
  5309 | D:5      | Reached skill level 6 in Stealth
  5719 | D:6      | Reached XP level 8. HP: 35/52 MP: 8/8
  5729 | D:6      | HP: 2/52 [orc/iceblast (10)]
  5740 | D:6      | Slain by a centaur

Levels and vault maps discovered:
D:1:      minmay_arrival_radiant_lines, layout_basic
D:2:      layout_loops_ring, kennysheep_slug_shrine, first_ration,
          nicolae_underground_beach
D:3:      layout_basic, lemuel_doored_altar
D:4:      layout_layer_cave, nemelex_xobeh_ov_fountains_minmay, uniq_menkaure
D:5:      layout_loops_ring, hangedman_abyss_or_decor_stabs
D:6:      layout_basic, good_gods_mini_temple, minmay_temple_entry_trees,
          serial_shops, nicolae_shop_behind_doors, lightli_corner_chamber

Skill      XL: |  1  2  3  4  5  6  7 |
---------------+----------------------+-----
Stealth        | 1 3 4 5 6 |  6.7
Dodging        | 4 5 |  5.8
Short Blades   | 3 4 |  4.2
Shields        | 4 |  4.7
Fighting       | |  3.0

Action                   |  1- 3 |  4- 6 |  7- 9 || total
-------------------------+-------+-------+-------++-------
Melee: Rapier            |    11 |       |       ||    11
       Dagger            |    62 |   204 |    96 ||   362
       Constrict         |    13 |    19 |    21 ||    53
       Tentacles         |    14 |    36 |    31 ||    81
  Use: Potion            |       |     2 |     2 ||     4
       Scroll            |       |       |     2 ||     2
 Stab: Sleeping          |     8 |    11 |     1 ||    20
       Distracted        |       |     1 |       ||     1
  Eat: Chunk             |       |     3 |     1 ||     4
       Ration            |       |     2 |     1 ||     3
Armor: Skin              |     6 |     5 |     1 ||    12
Dodge: Dodged            |    30 |    72 |    39 ||   141
Block: Shield            |    19 |    71 |    47 ||   137
